montu, chaotic male human Wizard ----- |!@.-# ----- ----------- |md.|# |...| +..........### ---------------- |@%.|# |...| |.........| # |..............| ------- -----# |...| ----|------ ###|..............| |.....| # |...| # ##-..............| #......| # -+-|- # ##------.--------- ###|..>..| # ## # ####### #### # |.....| # # # # # # ### |.....| # ## # # ### ### # ------- #-+-------.- # # # # ### #|..<......| # # ### ########## #-.........| ##########################--.--# |..........######----.------# ### |....# ----------- |.>.......|# # |...| |.........|# ##+...| |.........-# ----- |.........| ----------- montu the Conjurer Experience level: 3 Strength: 13 Dexterity: 10 Constitution: 17 Intelligence: 18 Wisdom: 11 Charisma: 12 Health: 0(34) Energy: 18(24) Def: 5 Gold: 383 Moves: 1554 Dungeon seed: 90TBiASsAis92Jj9 Game ID: montu_1683722064 Your Inventory: Coins $ - 383 gold pieces Weapons a - a blessed +1 quarterstaff (weapon in hands) l - 10 uncursed +0 crossbow bolts o - an uncursed +0 war hammer Armor e - an uncursed +0 cloak of magic resistance r - a cursed -2 plate mail (being worn) Comestibles p - an uncursed lichen corpse Scrolls i - a cursed scroll of earth Potions j - an uncursed potion of object detection Rings m - a cursed ring of poison immunity Wands b - an uncursed wand of striking (0:2) Tools h - an uncursed blindfold k - an uncursed magic marker (0:92) Gems n - an uncursed worthless piece of yellowish brown glass q - an uncursed worthless piece of orange glass Spells and supernatural/magical abilities: Name Level Category Cost Memory a - force bolt 1 attack 8pw 98% m - magic missile 2 attack 16pw 98% D - drain life 2 attack 16pw 98% O - summoning 2 clerical 25pw 98% W - pray for help -- divine ? -- Your skills at the end: Fighting Skills wands [Basic] Weapon Skills quarterstaff [Basic] Spellcasting Skills attack spells [Basic] enchantment spells [Basic] Final Attributes: You were piously aligned. You last prayed 516 turns ago. Anhur was noncommittal. You are dead. Vanquished creatures: a shrieker an iguana an acid blob 3 giant rats a cave spider 2 geckos 4 jackals 4 sewer rats 3 grid bugs 2 lichens 4 newts 26 creatures vanquished. Voluntary challenges: You used a wielded weapon 38 times, starting on turn 236. You were illiterate. You never genocided any monsters. You never polymorphed an object. You never changed form. You used no wishes. You never split a pudding. You never wrote Elbereth's name. You never violated your personal moral code. Dungeon overview: The Dungeons of Doom: levels 1 to 4 Level 1 a long staircase Level 2 a fountain Level 3 a fountain, a vault Level 4 <- You were here a delicatessen a long staircase History has recorded: On T:1 you entered the Dungeons of Doom to retrieve the Amulet of Yendor! On T:254 you reached level 2 of The Dungeons of Doom. On T:818 you reached level 3 of The Dungeons of Doom. On T:1079 you advanced to experience level 2. On T:1207 you reached level 4 of The Dungeons of Doom. On T:1391 you advanced to experience level 3. Score breakdown: Gold: 383 ( 8791 points) Experience: 3 levels ( 7878 points) Exploration: 4 levels ( 7.84%) ( 7348 points) Discoveries: 1 item ( 0.34%) ( 1737 points) Valuables value: (no points given unless you survive) Artifact value: 0 ( 0 points) Variety of kills: 11 monsters ( 2.89%) ( 5104 points) Turncount: 1554 turns ( 0 points) Survival: died (score multiplied by 80%) Total score: 24686 Latest messages: The small mimic hits! You miss the small mimic. (2x) You hit the small mimic! (2x) The small mimic hits! You hit the small mimic! The jackal misses. You hit the small mimic! The jackal misses. You hit the small mimic. The jackal bites! The jackal misses. The force bolt hits the jackal! The jackal is killed! The jackal just misses! The small mimic hits! You hit the small mimic! The jackal bites! You miss the small mimic. The jackal bites! You miss the small mimic. The jackal bites! You die... Djombang gratefully inherits all your possessions. Final status: Goodbye montu the Wizard, killed by a jackal... You died in The Dungeons of Doom on dungeon level 4 with 24686 points, and 383 pieces of gold, after 1554 moves. You were level 3 with a maximum of 34 hit points when you died.